 Dungeon Crawl Stone Soup version 0.19.4-10-g532645f (webtiles) character file.

9984 tof the Protected (level 11, -8/104 HPs)
             Began as a Deep Dwarf Fighter on Feb 23, 2017.
             Was a Priest of Makhleb.
             Mangled by a seven-headed hydra (13 damage)
             ... on level 2 of the Lair of Beasts.
             The game lasted 00:34:35 (8446 turns).

tof the Protected (Deep Dwarf Fighter)              Turns: 8446, Time: 00:34:37

Health: -8/104     AC: 11    Str: 22    XL:     11   Next: 30%
Magic:  5/5        EV: 11    Int:  9    God:    Makhleb [***...]
Gold:   770        SH:  3    Dex: 13    Spells: 0 memorised, 10 levels left

rFire  + . .     SeeInvis .     B - +3 whip (flame)
rCold  . . .     Gourm    .     P - +3 leather armour {rF+}
rNeg   . . .     Faith    .     (no shield)
rPois  +         Spirit   .     z - +0 hat
rElec  .         Reflect  +     E - +1 cloak {MR+}
rCorr  .         Harm     .     T - +0 pair of gloves
MR     +++..                    (no boots)
Stlth  +.........               w - +3 amulet of reflection
                                (no ring)
                                F - ring of poison resistance

@: non-regenerating
A: damage resistance, recharge devices, blink, blurry vision 2, magic resistance
1, sense surroundings 2, slow regeneration 3
a: Device Recharging, Blink, Minor Destruction, Lesser Servant of Makhleb,
Renounce Religion


You were on level 2 of the Lair of Beasts.
You worshipped Makhleb.
Makhleb was most pleased with you.
You were not hungry.

You visited 3 branches of the dungeon, and saw 11 of its levels.
You also visited: Sewer and Bailey.

You collected 770 gold pieces.

Inventory:

Hand Weapons
 a - a +0 flail
 y - a +0 mace of protection
 B - a +3 whip of flaming (weapon)
 D - a +2 dire flail of protection
Missiles
 g - 29 tomahawks of returning (quivered)
Armour
 c - a +0 shield
 m - a +0 cloak
 z - a +0 hat (worn)
 E - a +1 cloak of magic resistance (worn)
 P - a +3 leather armour of fire resistance (worn)
 T - a +0 pair of gloves (worn)
Jewellery
 l - an uncursed amulet of harm
 n - an uncursed amulet of faith
 w - a +3 amulet of reflection (around neck)
 F - a ring of poison resistance (left hand)
Wands
 b - a wand of slowing (32/48)
 e - a wand of heal wounds (1/9)
 p - a wand of iceblast (6/15)
 O - a wand of lightning (7/15)
 Q - a wand of teleportation (5/9)
Scrolls
 h - 5 scrolls of teleportation
 j - 4 scrolls of remove curse
 k - 12 scrolls of identify
 r - 2 scrolls of noise
 v - 2 scrolls of blinking
 A - 2 scrolls of fog
 M - a scroll of fear {unknown}
Potions
 d - 3 potions of might
 i - a potion of cure mutation {unknown}
 q - 3 potions of haste {unknown}
 u - 2 potions of berserk rage {unknown}
 x - a potion of invisibility
 C - a potion of magic {unknown}
 G - a potion of mutation {unknown}
 I - 4 potions of brilliance {unknown}
 J - 3 potions of flight {unknown}
 K - a potion of heal wounds
 L - 7 potions of curing {unknown}
 N - 2 potions of agility {unknown}
 R - a potion of lignification {unknown}
Books
 o - a book of Minor Magic

   Spells                             Type                      Level
   a - Magic Dart                     Conjuration                  1
   b - Blink                          Translocation                2
   c - Call Imp                       Summoning                    2
   d - Repel Missiles                 Charms/Air                   2
   e - Slow                           Hexes                        2
   f - Conjure Flame                  Conjuration/Fire             3
   g - Mephitic Cloud                 Conjuration/Poison/Air       3
Comestibles
 f - 7 bread rations
 s - 2 meat rations
 t - a beef jerky
 H - 16 fruits
 S - 5 chunks of flesh


   Skills:
 + Level 8.6 Fighting
 + Level 9.4 Maces & Flails
 - Level 0.1 Throwing
 + Level 10.2 Armour
 - Level 1.2 Dodging
 + Level 10.1 Shields


You had 10 spell levels left.
You didn't know any spells.

Dungeon Overview and Level Annotations

Branches:
Dungeon (8/15)             Temple (1/1) D:4            Lair (2/6) D:8
  Swamp: Lair:2-4    Shoals: Lair:2-4     Snake: Lair:2-4    Spider: Lair:2-4

Altars:
Ashenzari
Cheibriados
Dithmenos
Fedhas
Hepliaklqana
Kikubaaqudgha
Makhleb
Nemelex Xobeh
Okawaru
Qazlal
Ru
Sif Muna
Trog
Vehumet
Xom
Yredelemnul
The Shining One

Shops:
D:4 *


Innate Abilities, Weirdness & Mutations

You are resistant to damage.
You can recharge devices by infusing magical energy.
You passively map the area around you.
You do not regenerate.
You can translocate small distances at will.
Scrolls take you longer to read.
You are resistant to hostile enchantments. (MR+)


Message History

The seven-headed hydra is severely wounded.
The seven-headed hydra closely misses you.
The seven-headed hydra barely misses you.
The seven-headed hydra bites you.
* * * LOW HITPOINT WARNING * * *
The seven-headed hydra closely misses you. x2
The seven-headed hydra bites you but does no damage.
The seven-headed hydra misses you.
You are too injured to fight recklessly!
You are too injured to fight recklessly!
You hit the seven-headed hydra. You burn the seven-headed hydra.
The seven-headed hydra is severely wounded.
You whack the seven-headed hydra! You burn the seven-headed hydra.
The seven-headed hydra is almost dead.
The seven-headed hydra bites you!
* * * LOW HITPOINT WARNING * * *
The seven-headed hydra bites you!
* * * LOW HITPOINT WARNING * * *
The seven-headed hydra bites you!
You die...

, , ,*, * ,
,,.....#.#..##. ,
,, , ............
, , ,
####.#....⌠.(.. ,
,, ,
*...............*
, , ,
,......⌠...⌠.# ,,
* * , ,
....!...... , , *
* ##..D.⌠...., ,<
* **#
##..@....... , *
#.##...####.#.. ,
##.#.....##... ,
, **
#....⌠.#.......
,, ,>
#.=#........... ,
,*, , , *
##*##.##....... ,
* , #....#....#.
* * #....##...#,,
,, , *
##...#P...#* ###*
*


You could see a seven-headed hydra.

Vanquished Creatures
  Gastronok (D:8)
  A hydra (Lair:2)
  The ghost of Soeti the Thaumaturge, a novice DECj of Vehumet (Lair:1)
  Pikel (D:7)
  Maurice (D:8)
  3 spiny frogs
  A komodo dragon (Lair:2)
  The ghost of galech the Shield-Bearer, a novice GrFi (D:5)
  Grinder (D:6)
  A hippogriff (Lair:1)
  5 yaks (D:7)
  Eustachio (D:6)
  A basilisk (Lair:1)
  Menkaure (D:5)
  2 nagas (Lair:2)
  Edmund (D:4)
  A water moccasin (Lair:1)
  A porcupine (Lair:1)
  2 black bears (D:7)
  A sky beast (D:7)
  An orc warrior (Bailey)
  A phantom (D:4)
  An ogre (D:5)
  2 centaurs
  4 crocodiles (Lair:1)
  3 big kobolds (Sewer)
  9 bullfrogs
  3 scorpions
  3 killer bees (D:8)
  4 howler monkeys
  2 crimson imps
  3 hounds
  2 orc priests (D:8)
  2 centaur skeletons
  A jelly (D:8)
  2 iguanas
  4 worker ants
  A hound zombie (D:7)
  A worker ant zombie (D:7)
  10 gnolls
  8 adders
  10 river rats
  5 oozes
  3 dart slugs
  4 leopard geckos
  14 orcs
  4 ball pythons (Sewer)
  5 bats
  2 giant cockroaches
  9 goblins
  10 hobgoblins
  10 jackals
  25 kobolds
  4 quokkas
  7 frilled lizards
  29 rats
236 creatures vanquished.

Vanquished Creatures (others)
  A bullfrog (D:7)
  An iguana (D:7)
  An ooze (D:7)
3 creatures vanquished.

Grand Total: 239 creatures vanquished

Notes
Turn   | Place    | Note
-------+----------+-------------------------------------------
     0 | D:1      | tof the Deep Dwarf Fighter began the quest for the Orb.
     0 | D:1      | Reached XP level 1. HP: 20/20 MP: 1/1
   110 | D:1      | Reached XP level 2. HP: 27/27 MP: 2/2
   322 | D:1      | Reached XP level 3. HP: 14/33 MP: 3/3
   722 | D:2      | Reached skill level 1 in Dodging
  1006 | D:2      | Reached XP level 4. HP: 17/42 MP: 4/4
  2097 | D:3      | Found a shattered altar of Ashenzari.
  2377 | D:4      | Noticed Edmund
  2438 | D:4      | Killed Edmund
  2438 | D:4      | Reached XP level 5. HP: 43/49 MP: 4/4
  2500 | D:4      | Noticed a phantom
  2515 | D:4      | Found a staircase to the Ecumenical Temple.
  2521 | D:4      | Killed a phantom
  2521 | D:4      | Reached XP level 6. HP: 50/57 MP: 5/5
  2548 | Temple   | Entered the Ecumenical Temple
  2642 | Temple   | Became a worshipper of Makhleb the Destroyer
  2997 | D:4      | Reached skill level 5 in Shields
  3000 | D:4      | Found Watri Wiac's General Store.
  3317 | D:5      | Entered Level 5 of the Dungeon
  3318 | D:5      | Found a glowing drain.
  3374 | Sewer    | Entered a sewer
  3543 | Sewer    | Reached skill level 5 in Armour
  3543 | Sewer    | Reached XP level 7. HP: 32/64 MP: 5/5
  3639 | Sewer    | Reached * piety under Makhleb
  4385 | D:5      | Found a burning altar of Makhleb.
  4387 | D:5      | Noticed galech's ghost (novice GrFi)
  4402 | D:5      | Killed galech's ghost
  4402 | D:5      | Reached skill level 5 in Maces & Flails
  4402 | D:5      | Reached XP level 8. HP: 40/73 MP: 6/6
  4518 | D:5      | Reached skill level 5 in Fighting
  4529 | D:5      | Reached ** piety under Makhleb
  5042 | D:5      | Noticed Menkaure
  5049 | D:5      | Killed Menkaure
  5462 | D:6      | Noticed Eustachio
  5507 | D:6      | Killed Eustachio
  5569 | D:6      | Noticed Grinder
  5571 | D:6      | Paralysed by Grinder for 3 turns
  5584 | D:6      | Killed Grinder
  5678 | D:6      | Gained mutation: You passively map the area around you. [Deep Dwarf growth]
  5678 | D:6      | Reached XP level 9. HP: 67/82 MP: 5/5
  5905 | D:7      | Found a bloodstained altar of Trog.
  6103 | D:7      | Found a flagged portal.
  6124 | Bailey   | Entered a bailey
  6138 | Bailey   | Noticed an orc warlord
  6277 | Bailey   | Reached *** piety under Makhleb
  6726 | D:7      | Gained mutation: Scrolls take you a little longer to read. [mutagenic meat]
  6727 | D:7      | Gained mutation: You can translocate small distances at will. [mutagenic meat]
  6728 | D:7      | Gained mutation: You are resistant to hostile enchantments. (MR+) [mutagenic meat]
  6729 | D:7      | Gained mutation: Scrolls take you longer to read. [mutagenic meat]
  6761 | D:7      | Noticed Pikel
  6771 | D:7      | Killed Pikel
  6771 | D:7      | Reached XP level 10. HP: 89/94 MP: 6/6
  7116 | D:7      | Found a deep blue altar of Sif Muna.
  7257 | D:8      | Noticed Gastronok
  7280 | D:8      | Killed Gastronok
  7300 | D:8      | Noticed Maurice
  7345 | D:8      | Killed Maurice
  7569 | D:8      | Found a staircase to the Lair.
  7576 | Lair:1   | Entered Level 1 of the Lair of Beasts
  7679 | Lair:1   | Noticed a spiny frog
  7693 | Lair:1   | Killed a spiny frog
  7725 | Lair:1   | Noticed Soeti's ghost (novice DECj)
  7765 | Lair:1   | Killed Soeti's ghost
  7866 | Lair:1   | Reached XP level 11. HP: 52/103 MP: 5/5
  8205 | Lair:2   | Reached skill level 10 in Armour
  8214 | Lair:2   | Reached skill level 10 in Shields
  8368 | Lair:2   | Noticed a four-headed hydra
  8391 | Lair:2   | Killed a four-headed hydra
  8427 | Lair:2   | Noticed a seven-headed hydra
  8446 | Lair:2   | HP: 5/104 [seven-headed hydra (3)]
  8446 | Lair:2   | Mangled by a seven-headed hydra

Skill      XL: |  1  2  3  4  5  6  7  8  9 10 11 |
---------------+----------------------------------+-----
Dodging        | 1 |  1.2
Shields        | 4 5 6 7 8 9 10 | 10.1
Fighting       | 3 4 5 7 8 |  8.6
Maces & Flails | 3 4 5 6 7 9 |  9.4
Armour         | 4 5 6 8 9 10 | 10.2
Throwing       | |  0.1

Action                   |  1- 3 |  4- 6 |  7- 9 | 10-12 || total
-------------------------+-------+-------+-------+-------++-------
Melee: Flail             |   135 |    11 |       |       ||   146
       Mace              |       |   146 |       |       ||   146
       Dire flail        |       |   114 |   514 |       ||   628
       Whip              |       |       |       |   327 ||   327
Throw: Tomahawk          |    32 |       |     8 |       ||    40
 Abil: Device Recharging |       |     2 |     2 |     2 ||     6
Evoke: Wand              |       |     7 |     4 |    19 ||    30
  Use: Scroll            |       |     3 |     9 |     4 ||    16
       Potion            |       |       |     1 |       ||     1
 Stab: Invisible         |       |       |     1 |       ||     1
       Sleeping          |       |       |       |     1 ||     1
  Eat: Chunk             |     1 |     8 |    13 |     6 ||    28
       Pizza             |       |       |     1 |       ||     1
       Fruit             |       |       |     1 |       ||     1
Armor: Scale mail        |    90 |    67 |       |       ||   157
       Chain mail        |       |    65 |   272 |       ||   337
       Leather armour    |       |       |   102 |    95 ||   197
Dodge: Dodged            |    65 |    76 |   313 |   154 ||   608
Block: Shield            |   105 |    89 |       |       ||   194
       Other             |       |    14 |    93 |    34 ||   141
       Reflection        |       |       |     9 |       ||     9
